 Dungeon Crawl Stone Soup version 0.31-a0-345-g1ebeae05c6 (webtiles) character file.

Game seed: 8175994402330603573

45 worthlessgem the Changeling (level 3, -2/29 HPs)
             Began as a Barachi Shapeshifter on July 23, 2023.
             Slain by a gnoll
             ... wielding a +0 spear
              (6 damage)
             ... on level 2 of the Dungeon.
             The game lasted 00:05:30 (1370 turns).

worthlessgem the Changeling (Barachi Shapeshifter)  Turns: 1370, Time: 00:05:31

Health: -2/29      AC:  3    Str: 16    XL:     3   Next: 64%
Magic:  3/3        EV: 12    Int: 10    God:
Gold:   103        SH:  0    Dex: 12    Spells: 2/2 levels left

rFire   . . .        w - +0 sling
rCold   . . .        (no shield)
rNeg    . . .        f - +0 leather armour
rPois   .            (helmet currently unavailable)
rElec   .            (cloak currently unavailable)
rCorr   .            (gloves currently unavailable)
SInv    .            (boots currently unavailable)
Will    .....        (no amulet)
Stlth   +            (no ring)
HPRegen 0.24/turn    (no ring)
MPRegen 0.08/turn

%: no passive effects
@: beast-form, slow
A: beast (slay +2), amphibious, slowness 1, strong legs 1, +LOS
a: Hop, Begin Untransformation


You were on level 2 of the Dungeon.
You were a hulking beast.
You visited 1 branch of the dungeon, and saw 2 of its levels.

You collected 103 gold pieces.

Inventory:

Hand Weapons
 e - a +0 rapier
 w - a +0 sling (weapon)
Missiles
 k - 11 stones
Armour
 a - a +0 animal skin
 f - a +0 leather armour (worn)
Talismans
 c - a beast talisman
Scrolls
 d - 2 scrolls of identify
 g - a scroll of amnesia
 j - a scroll of acquirement
 n - a scroll of immolation {unknown}
Potions
 b - 2 potions of lignification
 h - a potion of attraction {unknown}
 i - a potion of haste
 m - a potion of curing {unknown}


   Skills:
 + Level 3.0 Fighting
 - Level 2.1 Dodging
 - Level 3.2 Unarmed Combat
 + Level 3.9 Shapeshifting


You had 2 spell levels left.
You didn't know any spells.
Your spell library contained the following spells:

 Spells                   Type           Power      Damage    Failure   Level
 Hailstorm                Conj/Ice       0%         3d3       80%         3
 Summon Ice Beast         Ice/Summ       0%         N/A       99%         4
 Simulacrum               Ice/Necr       0%         N/A       100%        6


Dungeon Overview and Level Annotations

Branches:
Dungeon (2/15)

Altars:


Innate Abilities, Weirdness & Mutations

You are a hulking beast.
Your limbs bulge with bestial killing power. (Slay +2)
You are amphibious.
You cover ground slowly.
You can hop short distances.
You have an extended range of vision and can be seen from far away.


Message History

You shoot a sling bullet.
The sling bullet closely misses the gnoll.
You shoot a sling bullet. The sling bullet hits the gnoll.
The gnoll is lightly wounded.
You shoot a sling bullet.
The sling bullet barely misses the gnoll.
You shoot a sling bullet.
The sling bullet closely misses the gnoll.
The gnoll hits you from afar with a +0 spear.
You shoot a sling bullet.
The sling bullet barely misses the gnoll.
The gnoll closely misses you.
You shoot a sling bullet.
The sling bullet completely misses the gnoll.
The gnoll hits you from afar with a +0 spear!
The gnoll misses you.
You shoot a sling bullet. The sling bullet hits the gnoll.
The gnoll is moderately wounded.
The gnoll hits you from afar with a +0 spear.
You shoot a sling bullet.
The sling bullet closely misses the gnoll.
The gnoll hits you from afar with a +0 spear!
* * * LOW HITPOINT WARNING * * *
The gnoll hits you from afar with a +0 spear.
* * * LOW HITPOINT WARNING * * *
You are too injured to fight recklessly!
Fire: w) +0 sling
Press: ? - help, Q - select action, (/) - cycle Shift-Dir - straight line, f/p - gnoll
Aim: a gnoll, wielding a +0 spear (moderately wounded, 63% to hit)
You shoot a sling bullet. The sling bullet hits the gnoll.
The gnoll is heavily wounded.
The gnoll hits you from afar with a +0 spear.
* * * LOW HITPOINT WARNING * * *
Fire: w) +0 sling
Press: ? - help, Q - select action, (/) - cycle Shift-Dir - straight line, f/p - gnoll
Aim: a gnoll, wielding a +0 spear (heavily wounded, 63% to hit)
You shoot a sling bullet. The sling bullet hits the gnoll.
The gnoll is almost dead.
The gnoll hits you from afar with a +0 spear.
You die...

##...#..# #..#
##.##..###..#
##.####...#.#
##...#######.#
##.###.######.#
#..# #.....##<#
#..###.###.##.#
#.#...## #.#
#.##.##
#h########.
#.##.#
#..g.......
#.##.###
######..)..
#.##...# #.
#.####.# # #.#
#.# .# #.# #.#
###. .## #.#
#.# #.. ....
#.####.###.#
##.# #..#


You could see a gnoll.

Vanquished Creatures
  2 gnolls (D:2)
  An adder (D:2)
  4 ball pythons
  3 endoplasms
  2 hobgoblins (D:1)
  A kobold (D:2)
  2 frilled lizards (D:1)
  4 rats
19 creatures vanquished.

Notes
Turn   | Place    | Note
-------+----------+-------------------------------------------
     0 | D:1      | worthlessgem the Barachi Shapeshifter began the quest for
                  | the Orb.
     0 | D:1      | Reached XP level 1. HP: 15/15 MP: 1/1
   348 | D:1      | Reached XP level 2. HP: 22/22 MP: 2/2
   674 | D:2      | Found a faded altar of an unknown god.
   935 | D:2      | Reached XP level 3. HP: 13/28 MP: 3/3
  1135 | D:2      | Identified a scroll of acquirement
  1370 | D:2      | Slain by a gnoll

Illustrated notes

Levels and vault maps discovered:
D:1:      eino_arrival_cavern_e, layout_loops_ring, st_stairs_3
D:2:      layout_loops_ring, dreamdust_ecumenical_altar_statues

Skill      XL: |  1  2  3 |
---------------+----------+-----
Fighting       | 2 3 |  3.0
Dodging        | |  2.1
Unarmed Combat | |  3.2
Shapeshifting  | |  3.9

Action                     || total
---------------------------++-------
  Melee: Short sword       ||    16
         Unarmed           ||     4
         Rapier            ||    19
         Punch             ||     1
   Fire: Sling             ||    15
    Use: Scroll            ||     2
         Potion            ||     1
 Armour: Leather armour    ||     4
  Dodge: Dodged            ||    34

Table legend: (Time is in decaauts)
 A = Elapsed time spent in this place.
 B = Non-inter-level travel time spent in this place.
 C = Inter-level travel time spent in this place.
 D = Time resting spent in this place.
 E = Time spent auto-exploring this place.
 F = Levels seen in this place.
 G = Mean time per level.
                   A        B        C        D        E       F      G
               +--------+--------+--------+--------+--------+-----+--------+
         Total |   1587 |   1550 |     37 |     21 |    869 |   2 |  793.5 |
       Dungeon |   1587 |   1550 |     37 |     21 |    869 |   2 |  793.5 |
               +--------+--------+--------+--------+--------+-----+--------+

Top non-repeatable levels by time:
     D:2: 796 daAuts
     D:1: 791 daAuts
